 Dungeon Crawl Stone Soup version 0.26-a0-1139-g7d2dc893a1 (webtiles) character file.

Game seed: 6235870400354095271

81755 HoaS the Bludgeoner (level 15, -2/97 (99) HPs)
             Began as a Gargoyle Fighter on Dec 21, 2020.
             Was the Champion of Makhleb.
             Slain by Jorgrun
             ... wielding an uncursed staff of earth
              (11 damage)
             ... on level 1 of the Orcish Mines.
             The game lasted 00:51:14 (17622 turns).

HoaS the Bludgeoner (Gargoyle Fighter)             Turns: 17622, Time: 00:51:15

HP:   -2/97 (99)    AC: 30    Str: 25    XL:     15   Next: 71%
MP:   15/15         EV: 12    Int:  8    God:    Makhleb [******]
Gold: 1746          SH: 14    Dex: 11    Spells: 14/14 levels left

rFire    + . .     SeeInvis .   z - +3 eveningstar (flame)
rCold    + . .     Faith    .   c - +0 kite shield
rNeg     + + .     Spirit   .   I - +1 pearl dragon scales
rPois    ∞         Reflect  .   (no helmet)
rElec    +         Harm     .   O - scarf {rC+ rF+}
rCorr    +         Rampage  .   q - +1 pair of gloves
Will     +....                  t - +0 pair of boots
Stlth    ..........             K - amulet of the acrobat (curse)
HPRegen  0.26/turn              (no ring)
MPRegen  0.14/turn              A - ring of resist corrosion

@: grasped by roots, flying, constricted, studying Dodging, lightly drained
A: big wings, negative energy resistance 1, electricity resistance, unbreathing,
petrification resistance, miasma immunity, AC +11
a: Stop Flying, Renounce Religion, Minor Destruction, Lesser Servant of Makhleb,
Major Destruction, Greater Servant of Makhleb


You were on level 1 of the Orcish Mines.
You worshipped Makhleb.
Makhleb was exalted by your worship.
You visited 4 branches of the dungeon, and saw 21 of its levels.
You also visited: Sewer and Volcano.

You collected 1867 gold pieces.
You spent 121 gold pieces at shops.

Inventory:

Hand Weapons
 z - a +3 eveningstar of flaming (weapon)
 F - a +2 eveningstar of holy wrath
Armour
 c - a +0 kite shield (worn)
 q - a +1 pair of gloves (worn)
 t - a +0 pair of boots (worn)
 I - +1 pearl dragon scales (worn)
 O - a scarf of resistance (worn)
Jewellery
 y - an uncursed ring of fire
 A - a ring of resist corrosion (right hand)
 K - a cursed amulet of the acrobat (around neck)
 L - an uncursed amulet of guardian spirit {unknown}
 M - the ring of Aluiwam {rC+ Str+2, unknown}
   (You found it on level 8 of the Dungeon)

   [ring of protection from cold]

   It affects your strength (+2).
   It protects you from cold.
Wands
 b - a wand of flame (26)
 d - a wand of digging (7)
 m - a wand of random effects (17)
 p - a wand of disintegration (26)
 r - a wand of paralysis (21)
 s - a wand of polymorph (7)
Scrolls
 g - a scroll of fog
 j - 11 scrolls of teleportation
 o - 7 scrolls of remove curse
 u - 4 scrolls of magic mapping
 B - a scroll of enchant weapon
 J - 2 scrolls of fear
 N - a scroll of identify
Potions
 a - a potion of haste
 e - a potion of attraction
 f - 13 potions of curing
 h - 2 potions of invisibility
 i - 3 potions of mutation
 l - 5 potions of lignification
 v - 3 potions of resistance
 w - 3 potions of flight
 D - a potion of ambrosia
 E - a potion of heal wounds
 G - 3 potions of berserk rage
 H - a potion of might
Books
 C - a manual of Dodging


   Skills:
 * Level 13.5 Fighting
 - Level 16.0 Maces & Flails
 + Level 10.2 Armour
 + Level 10.3 Dodging
 - Level 15.0 Shields


You had 14 spell levels left.
You didn't know any spells.
Your spell library contained the following spells:

 Spells                   Type           Power        Failure   Level
 Animate Skeleton         Necr           0%           71%         1
 Apportation              Tloc           0%           71%         1
 Corona                   Hex            0%           71%         1
 Pain                     Necr           0%           71%         1
 Sting                    Tmut/Pois      0%           71%         1
 Summon Small Mammal      Summ           0%           71%         1
 Ensorcelled Hibernation  Hex/Ice        0%           83%         2
 Poisonous Vapours        Pois/Air       0%           83%         2
 Slow                     Hex            0%           83%         2
 Confusing Touch          Hex            0%           97%         3
 Conjure Flame            Conj/Fire      0%           97%         3
 Dazzling Flash           Conj/Hex       0%           97%         3
 Ignite Poison            Fire/Tmut/Pois 0%           97%         3
 Inner Flame              Hex/Fire       0%           97%         3
 Mephitic Cloud           Conj/Pois/Air  0%           97%         3
 Portal Projectile        Hex/Tloc       0%           97%         3
 Tukima's Dance           Hex            0%           97%         3
 Vampiric Draining        Necr           0%           97%         3
 Animate Dead             Necr           0%           100%        4
 Cause Fear               Hex            0%           100%        4
 Leda's Liquefaction      Hex/Erth       0%           100%        4
 Olgreb's Toxic Radiance  Pois           0%           100%        4
 Agony                    Necr           0%           100%        5
 Freezing Cloud           Conj/Ice/Air   0%           100%        6


Dungeon Overview and Level Annotations

Branches:
Dungeon (13/15)            Temple (1/1) D:4            Lair (6/6) D:10
  Swamp (0/4) Lair:3       Spider (0/4) Lair:4        Slime (0/5) Lair:5
    Orc (1/2) D:11          Sewer (visited)         Volcano (visited)
 Vaults: D:13-14

Altars:
Ashenzari
Cheibriados
Dithmenos
Elyvilon
Fedhas
Gozag
Hepliaklqana
Kikubaaqudgha
Makhleb
Nemelex Xobeh
Okawaru
Qazlal
Ru
Sif Muna
Trog
Uskayaw
Vehumet
Wu Jian
Xom
Yredelemnul
Zin
The Shining One

Shops:
D:9 *

Portals:
Hell: Lair:6

Annotations:
Lair:5 exclusion: 4 oklob plants
Orc:1 Jorgrun


Innate Abilities, Weirdness & Mutations

You are resistant to torment.
Your stone body is resilient. (AC +11)
You are immune to poison.
Your large and strong wings let you fly indefinitely.
You resist negative energy. (rN+)
You are resistant to electric shocks. (rElec)
You can survive without breathing.
You are immune to petrification.
You are immune to miasma.


Message History

You block the orc's attack. You block the ogre's attack.
You impale Jorgrun!! You burn Jorgrun!
Jorgrun is almost dead.
Jorgrun hits you but does no damage.
* * * LOW HITPOINT WARNING * * *
The grasping roots constrict you. You block the orc warrior's attack. x2
The orc hits you but does no damage. You block the orc's attack.
You closely miss Jorgrun.
Jorgrun is almost dead.
The ogre hits you but does no damage. Jorgrun barely misses you.
* * * LOW HITPOINT WARNING * * *
The grasping roots constrict you! The orc warrior barely misses you.
You thump Jorgrun! You burn Jorgrun.
Jorgrun is almost dead.
You block the orc warrior's attack. The orc misses you.
You block the orc's attack.
You hit Jorgrun but do no damage.
Jorgrun is almost dead.
Jorgrun hits you but does no damage.
You die...

#..#.#...)o#.# ..
....#..$.o.####..
#..####.....##... ##(#
##.o....... ##(.##
#.go....... #....##
#..........
###)....####oooo.....
#.....#...##...#
#.........#.........###.#.
#........###.........# ##.
#......... .#........#
##.......####.......##
##..#....#......####


You could see Jorgrun, 2 orc warriors, an ogre and 2 orcs.

Vanquished Creatures
  Nessos (Lair:5)
  A dire elephant (Lair:6)
  A red draconian (Volcano)
  Harold (D:8)
  Fannar (D:11)
  3 boulder beetles
  11 hydras
  A catoblepas (Lair:2)
  A death knight (D:12)
  A centaur warrior (D:8)
  An ogre mage (Volcano)
  5 two-headed ogres
  16 death yaks
  Urug (Orc:1)
  A sixfirhy (Lair:6)
  An unseen horror (D:10)
  A wizard (Lair:6)
  An orb spider (Lair:4)
  A deep elf mage (D:13)
  3 ugly things
  A manticore (D:8)
  2 centaur zombies (D:12)
  A smoke demon (Lair:6)
  8 elephants
  4 cyclopes
  2 torpor snails
  Joseph (D:8)
  5 black mambas
  An orange demon (Lair:6)
  16 cane toads
  7 komodo dragons
  A kobold demonologist (D:9)
  5 rime drakes
  5 ice devils (Lair:6)
  8 trolls
  2 tyrant leeches (Lair:3)
  A hornet (D:9)
  3 polar bears
  21 blink frogs
  4 slime creatures (D:13)
  70 yaks
  4 wraiths
  A wyvern (Lair:4)
  2 basilisks
  2 wargs (Orc:1)
  3 swamp worms (Lair:3)
  Duvessa (D:4)
  25 water moccasins
  4 hell hounds (Lair:6)
  7 ice beasts
  5 sky beasts
  10 orc warriors
  5 black bears
  A phantom (D:9)
  A hornet zombie (D:10)
  An eye of draining (D:12)
  3 ogres
  5 wolves (Lair:5)
  3 centaurs
  8 big kobolds
  19 bullfrogs
  3 wyvern zombies
  A gnoll sergeant (D:4)
  Dowan (D:4)
  7 scorpions
  A water moccasin skeleton (D:8)
  3 killer bees (D:8)
  14 wights
  A howler monkey (D:4)
  An electric eel (D:12)
  3 bullfrog zombies
  A quasit (D:8)
  7 orc priests
  13 hounds
  7 jellies
  11 orc wizards
  A centaur skeleton (D:11)
  5 bullfrog skeletons
  2 iguanas
  12 worker ants
  2 hound zombies
  A hound skeleton (D:11)
  7 gnolls
  A howler monkey skeleton (D:8)
  6 adders
  3 shadow imps
  3 white imps
  4 oozes
  2 adder zombies (D:6)
  3 worms
  2 dart slugs
  9 leopard geckos
  48 orcs
  10 giant cockroaches
  3 goblins
  8 hobgoblins
  12 jackals
  7 quokkas
  4 bats
  4 frilled lizards
  A giant cockroach zombie (D:6)
  A jackal skeleton (D:4)
  39 kobolds
  12 kobold skeletons (D:9)
  6 kobold zombies (D:9)
  2 leopard gecko skeletons
  A leopard gecko zombie (D:7)
  6 rats
632 creatures vanquished.

Vanquished Creatures (others)
  A blink frog (Lair:1)
  An orc wizard (Orc:1)
  An orc (Orc:1)
  19 fungi
  19 plants
41 creatures vanquished.

Grand Total: 673 creatures vanquished

Notes
Turn   | Place    | Note
-------+----------+-------------------------------------------
     0 | D:1      | HoaS the Gargoyle Fighter began the quest for the Orb.
     0 | D:1      | Reached XP level 1. HP: 14/14 MP: 1/1
   377 | D:2      | Reached XP level 2. HP: 19/19 MP: 2/2
   742 | D:2      | Reached skill level 3 in Maces & Flails
   742 | D:2      | Reached XP level 3. HP: 23/23 MP: 3/3
  1073 | D:2      | Found a faded altar of an unknown god.
  1111 | D:2      | Found a bloodstained altar of Trog.
  1353 | D:3      | Reached XP level 4. HP: 28/28 MP: 4/4
  1442 | D:3      | Reached skill level 4 in Maces & Flails
  1524 | D:3      | Found a glowing drain.
  1533 | Sewer    | Entered a sewer
  1740 | Sewer    | Reached XP level 5. HP: 32/32 MP: 5/5
  1791 | Sewer    | Noticed a water moccasin
  1803 | Sewer    | Killed a water moccasin
  1804 | Sewer    | Reached skill level 5 in Maces & Flails
  1930 | D:3      | Reached XP level 6. HP: 37/37 MP: 6/6
  2135 | D:3      | Found a radiant altar of Vehumet.
  2245 | D:4      | Reached skill level 5 in Shields
  2297 | D:4      | Found a hide-covered altar of Uskayaw.
  2325 | D:4      | Found a blossoming altar of Fedhas.
  2555 | D:4      | Found a staircase to the Ecumenical Temple.
  2569 | D:4      | Noticed Dowan
  2569 | D:4      | Noticed Duvessa
  2571 | Temple   | Entered the Ecumenical Temple
  2725 | D:4      | Killed Duvessa
  2726 | D:4      | Reached skill level 6 in Maces & Flails
  2726 | D:4      | Reached XP level 7. HP: 35/41 MP: 7/7
  2736 | D:4      | Killed Dowan
  3191 | D:5      | Entered Level 5 of the Dungeon
  3576 | D:5      | Reached skill level 7 in Maces & Flails
  3758 | D:5      | Found a burning altar of Makhleb.
  3794 | D:5      | Became a worshipper of Makhleb the Destroyer
  3968 | D:5      | Found a broken altar of Ashenzari.
  4309 | D:6      | Reached XP level 8. HP: 46/46 MP: 8/8
  4309 | D:6      | Found an iron altar of Okawaru.
  4491 | D:6      | Found a glowing golden altar of the Shining One.
  4805 | D:6      | Reached skill level 8 in Maces & Flails
  5159 | D:7      | Reached * piety under Makhleb
  5207 | D:7      | Reached skill level 9 in Maces & Flails
  5318 | D:7      | Reached XP level 9. HP: 51/51 MP: 9/9
  5358 | D:7      | Found a white marble altar of Elyvilon.
  5600 | D:7      | Found a shimmering altar of Xom.
  5819 | D:7      | Found an ornate altar of the Wu Jian Council.
  5886 | D:8      | Noticed Joseph
  6107 | D:8      | Reached skill level 10 in Maces & Flails
  6114 | D:8      | Killed Joseph
  6178 | D:8      | Noticed a troll
  6179 | D:8      | Identified the +8 whip of Ogapneg {distort, *Rage Will+
                  | Str+3 Dex+3}
  6179 | D:8      | Noticed a centaur warrior
  6198 | D:8      | Found a sacrificial altar of Ru.
  6328 | D:8      | Noticed a two-headed ogre
  6337 | D:8      | Killed a two-headed ogre
  6338 | D:8      | Reached skill level 11 in Maces & Flails
  6338 | D:8      | Reached XP level 10. HP: 51/56 MP: 10/10
  6373 | D:8      | Reached ** piety under Makhleb
  6419 | D:8      | Found a sparkling altar of Nemelex Xobeh.
  6587 | D:8      | Noticed Harold
  6620 | D:8      | Killed Harold
  6621 | D:8      | Reached skill level 12 in Maces & Flails
  6621 | D:8      | Reached skill level 10 in Shields
  6896 | D:8      | Noticed a manticore
  6897 | D:8      | Noticed a cyclops
  7205 | D:9      | Noticed a red ugly thing
  7365 | D:9      | Killed a red ugly thing
  7451 | D:9      | Found Winariaxu's Assorted Antiques.
  7465 | D:9      | Bought a cloak for 121 gold pieces
  7520 | D:9      | Reached skill level 13 in Maces & Flails
  7525 | D:9      | Reached *** piety under Makhleb
  7542 | D:9      | Reached XP level 11. HP: 60/60 MP: 11/11
  7613 | D:9      | Found an ancient bone altar of Kikubaaqudgha.
  7706 | D:9      | Reached **** piety under Makhleb
  7757 | D:9      | Found a bloodstained altar of Trog.
  7757 | D:9      | Found a basalt altar of Yredelemnul.
  7952 | D:9      | Got a smelly chain mail
  7955 | D:9      | Identified the +6 chain mail of Classification {*Contam
                  | rC++ Int+3} (You found it on level 9 of the Dungeon)
  8008 | D:10     | Entered Level 10 of the Dungeon
  8045 | D:10     | Found a staircase to the Lair.
  8045 | D:10     | Noticed a death yak
  8062 | D:10     | Killed a death yak
  8327 | D:10     | Reached skill level 14 in Maces & Flails
  8398 | D:10     | You fall into a shaft and drop 3 floors!
  8399 | D:13     | Noticed a deep elf mage
  8411 | D:13     | Killed a deep elf mage
  8766 | D:11     | You fall into a shaft and drop 1 floor!
  8880 | D:11     | Reached ***** piety under Makhleb
  8975 | D:11     | Reached XP level 12. HP: 64/64 MP: 12/12
  9065 | D:11     | Found a staircase to the Orcish Mines.
  9123 | D:11     | Reached skill level 15 in Maces & Flails
  9531 | Lair:1   | Entered Level 1 of the Lair of Beasts
  9666 | Lair:1   | Noticed a six-headed hydra
  9675 | Lair:1   | Killed a six-headed hydra
  9958 | Lair:1   | Reached skill level 16 in Maces & Flails
  9972 | Lair:1   | Noticed a seven-headed hydra
  9983 | Lair:1   | Killed a seven-headed hydra
 10634 | Lair:2   | Noticed a catoblepas
 10648 | Lair:2   | Killed a catoblepas
 10691 | Lair:2   | Reached XP level 13. HP: 68/68 MP: 13/13
 11251 | Lair:3   | Identified 2 scrolls of acquirement
 11251 | Lair:3   | Acquired a +2 eveningstar of holy wrath
 11254 | Lair:3   | Acquired a manual of Dodging
 11311 | Lair:3   | Found a dark tunnel.
 11317 | Volcano  | Entered a volcano
 11434 | Volcano  | Reached skill level 15 in Shields
 11439 | Volcano  | Reached skill level 1 in Dodging
 11490 | Volcano  | Noticed a red draconian
 11501 | Volcano  | Killed a red draconian
 11583 | Lair:3   | Reached skill level 5 in Fighting
 11859 | Lair:3   | Reached ****** piety under Makhleb
 11862 | Lair:3   | Reached skill level 5 in Armour
 11898 | Lair:3   | Found a staircase to the Swamp.
 12601 | Lair:4   | Reached skill level 5 in Dodging
 12726 | Lair:4   | Gained mutation: Your large and strong wings let you fly
                  | indefinitely. [Gargoyle growth]
 12726 | Lair:4   | Reached XP level 14. HP: 84/84 MP: 14/14
 12752 | Lair:4   | Found a hole to the Spider Nest.
 13066 | Lair:4   | Found an ornate altar of the Wu Jian Council.
 13785 | Lair:5   | Reached skill level 10 in Fighting
 13881 | Lair:5   | Found a staircase to the Slime Pits.
 13904 | Lair:5   | Noticed Nessos
 13912 | Lair:5   | Killed Nessos
 14027 | Lair:5   | You are sucked into a shaft and drop 1 floor!
 14027 | Lair:6   | Entered Level 6 of the Lair of Beasts
 14605 | Lair:6   | Reached XP level 15. HP: 75/96 MP: 15/15
 14901 | Lair:6   | Found a burning altar of Makhleb.
 14971 | Lair:6   | Found a gateway to Hell.
 15971 | D:12     | Reached skill level 10 in Dodging
 16955 | D:8      | Reached skill level 10 in Armour
 17054 | D:8      | Got a vibrating wooden ring
 17258 | Orc:1    | Entered Level 1 of the Orcish Mines
 17258 | Orc:1    | Noticed Fannar
 17260 | Orc:1    | Noticed Urug
 17271 | D:11     | Killed Fannar
 17289 | Orc:1    | Killed Urug
 17345 | Orc:1    | Noticed Jorgrun
 17622 | Orc:1    | Slain by Jorgrun

Illustrated notes

Levels and vault maps discovered:
D:1:      lemuel_arrival_rhombus, layout_basic, minmay_statues_item,
          chequers_mini_garden
D:2:      layout_loops_ring, chequers_ecumenical_altar_twisty,
          trog_butcher_becter
D:3:      layout_rooms, lemuel_doored_altar, portal_sewer_entry_f,
          nrook_mini_backslash
D:4:      layout_layer_cave, kennysheep_little_box, kennysheep_mini,
          minmay_temple_entry_proselytizer, uniq_duvessa
D:5:      layout_basic, nicolae_overflow_crystal_walls, evilmike_ruin_ashenzari
D:6:      layout_basic, marbit_many_paths, overflow_temple_1_default,
          kennysheep_generic_room_4
D:7:      layout_loops_cross, elyvilon_altar_1, general_overflow_altar,
          basic_altar
D:8:      layout_basic, nicolae_overflow_hidden_temple,
          nemelex_xobeh_ov_fountains_minmay, minivault_12, uniq_harold,
          uniq_joseph
D:9:      wander_kiku_kobolds, layout_rooms, gammafunk_temple_overflow_pools,
          serial_shops, nicolae_shop_crystal, kb_rosetta
D:10:     layout_loops_ring, david_lair_generic
D:11:     layout_roguey, david_orc_4
D:12:     layout_gridville, drop_trap, nrook_pool_corridor
D:13:     layout_big_octagon, lightli_vaults_fourway_checkpoint,
          chequers_serial_rivers_micro_d
Temple:   kb_temple_of_zot
Lair:1:   layout_cellular_growth, st_stairs_9, lemuel_old_faithful,
          grunt_megastairs_5
Lair:2:   layout_roguey, st_stairs_8, lemuel_fruit_fields
Lair:3:   layout_regular_city, minmay_swamp_entry_worms, enter_volcano_4
Lair:4:   layout_cave_pods, nicolae_spider_entry_orb_guardian, basic_altar,
          grunt_megastairs_4
Lair:5:   beast_lair_carwin_large_3, layout_gridlike,
          nicolae_slime_entry_slimehenge, lemuel_fruit_fields,
          lemuel_fruit_tree, minmay_lair_oklob_chamber, uniq_nessos
Lair:6:   evil_forest, layout_layer_cave, chequers_serial_rivers_small_b,
          infiniplex_staircase_pool
Orc:1:    layout_diamond_mine, uniq_urug, uniq_maurice, uniq_jorgrun,
          uniq_fannar

Skill      XL: |  1  2  3  4  5  6  7  8  9 10 11 12 13 14 15 |
---------------+----------------------------------------------+-----
Maces & Flails | 3 4 5 6 7 9 11 13 14 16 | 16.0
Shields        | 4 5 6 7 9 10 12 14 15 | 15.0
Fighting       | 8 11 13 | 13.5
Dodging        | 5 8 10 | 10.3
Armour         | 6 8 10 | 10.2

Action                   |  1- 3 |  4- 6 |  7- 9 | 10-12 | 13-15 || total
-------------------------+-------+-------+-------+-------+-------++-------
Melee: Flail             |   124 |   185 |   391 |   666 |       ||  1366
       Morningstar       |       |       |       |   357 |    52 ||   409
       Eveningstar       |       |       |       |       |  1039 ||  1039
 Abil: Fly               |       |       |       |       |     1 ||     1
Evoke: Wand              |       |       |     6 |       |    15 ||    21
  Use: Scroll            |     2 |     8 |     6 |     9 |    12 ||    37
       Potion            |       |     1 |     1 |     2 |     2 ||     6
Armor: Plate armour      |    87 |   179 |   233 |   494 |   341 ||  1334
       Pearl dragon scal |       |       |       |       |   143 ||   143
Dodge: Dodged            |    19 |    61 |    55 |   148 |   328 ||   611
Block: Kite shield       |    61 |   125 |   224 |   504 |   678 ||  1592

Table legend: (Time is in decaauts)
 A = Elapsed time spent in this place.
 B = Non-inter-level travel time spent in this place.
 C = Inter-level travel time spent in this place.
 D = Time resting spent in this place.
 E = Time spent auto-exploring this place.
 F = Levels seen in this place.
 G = Mean time per level.
                   A        B        C        D        E       F      G
               +--------+--------+--------+--------+--------+-----+--------+
         Total |  17169 |  15757 |   1412 |   1270 |  10331 |  23 |  746.5 |
       Dungeon |  11063 |   9908 |   1155 |   1051 |   6109 |  13 |  851.0 |
        Temple |    141 |     90 |     51 |      0 |     89 |   1 |  141.0 |
          Lair |   5322 |   5117 |    205 |      0 |   3928 |   6 |  887.0 |
  Orcish Mines |    113 |    113 |      0 |      0 |     24 |   1 |  113.0 |
         Sewer |    330 |    330 |      0 |    198 |     65 |   1 |  330.0 |
       Volcano |    198 |    198 |      0 |     21 |    114 |   1 |  198.0 |
               +--------+--------+--------+--------+--------+-----+--------+

Top non-repeatable levels by time:
     D:8: 1392 daAuts
     D:4: 1234 daAuts
     D:2: 1093 daAuts
     D:7: 1068 daAuts
    D:11: 1041 daAuts
  Lair:4: 1024 daAuts
  Lair:1: 1004 daAuts
     D:6: 943 daAuts
  Lair:3: 929 daAuts
     D:9: 917 daAuts
  Lair:6: 877 daAuts
    D:12: 867 daAuts
    D:10: 845 daAuts
  Lair:5: 807 daAuts
  Lair:2: 679 daAuts
